 Dungeon Crawl Stone Soup version 0.21.1 (webtiles) character file.

24 Monsterracer the Vexing (level 2, -1/22 HPs)
             Began as a Draconian Enchanter on Feb 3, 2018.
             Slain by an adder (3 damage)
             ... on level 2 of the Dungeon.
             The game lasted 00:01:36 (1432 turns).

Monsterracer the Vexing (Draconian Enchanter)       Turns: 1432, Time: 00:01:37

Health: -1/22      AC:  5    Str: 14 (15) XL:     2   Next: 79%
Magic:  1/5        EV: 12    Int: 14 (15) God:
Gold:   47         SH:  0    Dex: 10 (13) Spells: 2/5 levels left

rFire    . . .     SeeInvis .   a - +1 dagger
rCold    . . .     Gourm    .   (no shield)
rNeg     . . .     Faith    .   (armour unavailable)
rPois    .         Spirit   .   (helmet restricted)
rElec    .         Reflect  .   (no cloak)
rCorr    .         Harm     .   (no gloves)
MR       .....                  k - +0 pair of boots
Stlth    ++........             (no amulet)
HPRegen  0.07/turn              (no ring)
MPRegen  0.09/turn              (no ring)

@: mighty, lethally poisoned (-1 -> -3)
A: unfitting armour, horns 1, agile 1, blink, robust 1, cold-blooded, AC +4
a: Blink


You were on level 2 of the Dungeon.
You were not hungry.

You visited 1 branch of the dungeon, and saw 2 of its levels.

You collected 47 gold pieces.

Inventory:

Hand Weapons
 a - a +1 dagger (weapon)
Armour
 k - a +0 pair of boots (worn)
Scrolls
 b - 2 scrolls of remove curse {unknown}
 f - 2 scrolls of identify {unknown}
 g - a scroll of amnesia {unknown}
 h - a scroll of blinking {unknown}
Potions
 j - a potion of curing {unknown}
Comestibles
 c - 3 rations


   Skills:
 - Level 1.0 Short Blades
 - Level 1.7 Dodging
 - Level 2.6 Stealth
 + Level 2.5 Unarmed Combat
 - Level 2.0 Spellcasting
 - Level 2.6 Hexes


You had 2 spell levels left.
You knew the following spells:

 Your Spells              Type           Power        Failure   Level  Hunger
a - Corona                Hex            #......      8%          1    ##.....
b - Ensorcelled Hibernat  Hex/Ice        #.....       21%         2    ###....


Dungeon Overview and Level Annotations

Branches:
Dungeon (2/15)

Altars:
Cheibriados


Innate Abilities, Weirdness & Mutations

Your plain brown scales are hard. (AC +4)
You cannot fit into any form of body armour.
You are cold-blooded and may be slowed by cold attacks.
You have a pair of small horns on your head.
You are agile. (Dex +2)
You can translocate small distances at will.
You are robust. (+10% HP)


Message History

You butcher the dart slug corpse.
k - a chunk of flesh You aren't carrying or standing over any spellbooks.
You start resting.
Your magical contamination has completely faded away.
You start resting.
Eating a chunk of flesh.
You eat the chunk of flesh.
This raw flesh tastes terrible.
HP restored.
Health restored: 20 You see here a pair of boots.
k - a pair of boots Wear which item? (? for menu, Esc to quit)
You start putting on your armour.
You continue putting on your pair of boots. x4
You finish putting on your +0 pair of boots.
The helpless frilled lizard fails to defend itself.
You puncture the frilled lizard!
You kill the frilled lizard!
You see here a frilled lizard corpse.
An adder comes into view.
Found a ration.
An adder is nearby!
You hit the adder.
Your tail-slap misses the adder.
The adder is moderately wounded.
The adder bites you but does no damage.
You miss the adder.
Your tail-slap misses the adder.
The adder is moderately wounded.
The adder barely misses you.
You miss the adder. You tail-slap the adder.
The adder is heavily wounded.
The adder bites you.
You are poisoned.
The adder poisons you!
You take 1 damage, and have 19/20 hp.
You completely miss the adder.
Your tail-slap misses the adder.
The adder is heavily wounded.
You feel sick. The adder barely misses you.
The adder bites you but does no damage.
You take 1 damage, and have 18/20 hp.
Casting: Ensorcelled Hibernation
Confirm with . or Enter, or press ? or * to list all spells.
Aiming: Ensorcelled Hibernation
Press: ? - help, Shift-Dir - straight line, f - adder
Aim: an adder (heavily wounded, chance to defeat MR: 46%)
The adder resists with some effort.
The adder bites you.
You take 3 damage, and have 15/20 hp.
You now have 3/5 mp.
Casting: Ensorcelled Hibernation
Confirm with . or Enter, or press ? or * to list all spells.
Aiming: Ensorcelled Hibernation
Press: ? - help, Shift-Dir - straight line, f/p - adder
Aim: an adder (heavily wounded, chance to defeat MR: 46%)
The adder resists with some effort.
You feel sick. The adder bites you.
You take 3 damage, and have 12/20 hp.
You now have 1/5 mp.
Casting: Ensorcelled Hibernation
Confirm with . or Enter, or press ? or * to list all spells.
You don't have enough magic to cast that spell.
Casting: Ensorcelled Hibernation
Confirm with . or Enter, or press ? or * to list all spells.
Aiming: Corona
Press: ? - help, Shift-Dir - straight line, f/p - adder
Aim: an adder (heavily wounded, chance to defeat MR: 52%)
The adder struggles to resist.
The adder barely misses you.
You now have 0/5 mp.
You closely miss the adder.
Your tail-slap misses the adder.
The adder is heavily wounded.
You feel sick. The adder bites you.
* * * LOW HITPOINT WARNING * * *
The adder bites you.
* * * LOW HITPOINT WARNING * * *
You take 6 damage, and have 6/20 hp.
MASSIVE DAMAGE!!
It was a potion of might.
You feel very mighty all of a sudden. The adder barely misses you.
You closely miss the adder.
The adder is heavily wounded.
The adder bites you.
* * * LOW HITPOINT WARNING * * *
You take 1 damage, and have 5/20 hp.
You closely miss the adder.
The adder is heavily wounded.
The adder bites you but does no damage. x2
You barely miss the adder.
The adder is heavily wounded.
You feel sick. The adder bites you but does no damage.
You take 1 damage, and have 4/20 hp.
You miss the adder.
The adder is heavily wounded.
The adder bites you.
* * * LOW HITPOINT WARNING * * *
You take 2 damage, and have 2/20 hp.
It was a potion of mutation.
You feel extremely strange.
You feel jittery. A pair of horns grows on your head!
You feel agile.
You feel robust. The adder completely misses you.
It was a potion of degeneration.
There was something very wrong with that liquid.
You feel weakened.
You feel dopey.
You feel clumsy. The adder bites you but does no damage. The adder bites you.
You die...

#. ........≈≈≈.# #.
####...≈≈≈≈≈#
#.######.#≈≈.≈≈##..
#.#.......≈≈≈≈≈....
#.#.##.....≈≈≈###.
# #.#.##.#.###_##
..##.#.#.##.#.#####
..........†......#
.......@......####
.#####S#.##.###
#%#.##.# #.#.##.#
#....... #.#.####
#.#.. #. ##


You could see an adder.

Vanquished Creatures
  3 dart slugs
  3 giant cockroaches
  2 goblins (D:1)
  2 hobgoblins (D:1)
  2 kobolds (D:1)
  A bat (D:1)
  2 frilled lizards
  3 rats (D:1)
18 creatures vanquished.

Notes
Turn   | Place    | Note
-------+----------+-------------------------------------------
     0 | D:1      | Monsterracer the Draconian Enchanter began the quest for the Orb.
     0 | D:1      | Reached XP level 1. HP: 14/14 MP: 3/3
   105 | D:1      | Reached skill level 1 in Unarmed Combat
   289 | D:1      | HP: 4/14 [goblin/club (6)]
   291 | D:1      | Reached XP level 2. HP: 6/20 MP: 5/5
   295 | D:1      | Learned a level 2 spell: Ensorcelled Hibernation
  1218 | D:2      | Found a snail-covered altar of Cheibriados.
  1231 | D:2      | HP: 9/20 [dart slug/slug dart (2)]
  1425 | D:2      | HP: 7/20 [adder (4)]
  1430 | D:2      | HP: 2/20 [adder (2)]
  1431 | D:2      | Gained mutation: You can translocate small distances at will. [potion of mutation]
  1431 | D:2      | Gained mutation: You have a pair of small horns on your head. [potion of mutation]
  1431 | D:2      | Gained mutation: You are agile. (Dex +2) [potion of mutation]
  1431 | D:2      | Gained mutation: You are robust. (+10% HP) [potion of mutation]
  1432 | D:2      | Slain by an adder

Skill      XL: |  1  2 |
---------------+-------+-----
Unarmed Combat | 1 2 |  2.5
Short Blades   | |  1.0
Dodging        | |  1.7
Stealth        | |  2.6
Spellcasting   | |  2.0
Hexes          | |  2.6

Action                   || total
-------------------------++-------
Melee: Dagger            ||    81
       Tailslap          ||    10
 Cast: Ensorcelled Hiber ||     2
       Corona            ||     2
  Use: Potion            ||     3
 Stab: Sleeping          ||     5
  Eat: Chunk             ||     2
Armor: Skin              ||    22
Dodge: Dodged            ||    42

Vault maps used:
D:1:      minmay_arrival_wavy_path
D:2:      kennysheep_slug_shrine, overflow_temple_1_default,
          kennysheep_another_room, minmay_pentomino_q2
